 Dungeon Crawl Stone Soup version 0.23-a0-175-g97aacdb306 (webtiles) character file.

76 Holzbalken the Cudgeler (level 4, -3/33 HPs)
             Began as a Demonspawn Gladiator on Sept 16, 2018.
             Slain by an adder (4 damage)
             ... on level 2 of the Dungeon.
             The game lasted 00:04:51 (1330 turns).

Holzbalken the Cudgeler (Demonspawn Gladiator)      Turns: 1330, Time: 00:04:52

Health: -3/33      AC:  6    Str: 12 (15) XL:     4   Next: 12%
Magic:  4/4        EV:  7    Int:  6 (9)  God:
Gold:   39         SH:  0    Dex: 14 (15) Spells: 3/3 levels left

rFire    . . .     SeeInvis .   a - +0 flail
rCold    . . .     Gourm    .   (no shield)
rNeg     . . .     Faith    .   k - -2 chain mail (curse)
rPois    .         Spirit   .   (helmet restricted)
rElec    .         Reflect  .   (no cloak)
rCorr    .         Harm     .   (no gloves)
MR       .....                  (no boots)
Stlth    ..........             (no amulet)
HPRegen  0.11/turn              (no ring)
MPRegen  0.09/turn              (no ring)

@: lethally poisoned (-3 -> -9)
A: antennae 1, nightstalker 1, sturdy frame 1
a: no special abilities


You were on level 2 of the Dungeon.
You were hungry.

You visited 1 branch of the dungeon, and saw 2 of its levels.

You collected 39 gold pieces.

Inventory:

Hand Weapons
 a - a +0 flail (weapon)
 l - a +0 short sword
 o - a +0 dagger
Missiles
 d - 3 throwing nets (quivered)
Armour
 b - a +0 leather armour
 c - a +0 helmet
 k - a cursed -2 chain mail (worn)
Wands
 n - a wand of polymorph (14)
Scrolls
 e - 3 scrolls of fear {unknown}
 g - a scroll of identify {unknown}
 i - a scroll of enchant armour {unknown}
 j - 3 scrolls of remove curse {unknown}
Comestibles
 f - 2 rations
 m - 11 chunks of flesh


   Skills:
 - Level 2.0 Fighting
 * Level 1.2 Short Blades
 - Level 4.1 Maces & Flails
 - Level 1.7 Throwing
 - Level 2.6 Dodging
 + Level 0.7 Stealth


You had 3 spell levels left.
You didn't know any spells.
Your spell library was empty.

Dungeon Overview and Level Annotations

Branches:
Dungeon (2/15)

Altars:
Vehumet


Innate Abilities, Weirdness & Mutations

You have a pair of small antennae on your head.
You are slightly more attuned to the shadows.
Your movements are slightly less encumbered by armour. (ER -2)


Message History

The adder is moderately wounded.
* * * LOW HITPOINT WARNING * * *
You feel sick. The adder bites you but does no damage. The adder bites you.
* * * LOW HITPOINT WARNING * * *
You completely miss the adder.
The adder is moderately wounded.
* * * LOW HITPOINT WARNING * * *
You feel sick. The adder bites you.
* * * LOW HITPOINT WARNING * * *
You miss the adder.
The adder is moderately wounded.
* * * LOW HITPOINT WARNING * * *
You feel sick.
The adder bites you but does no damage. x2
It was a potion of degeneration.
There was something very wrong with that liquid.
You feel weakened.
You feel dopey.
You feel clumsy. The adder barely misses you.
* * * LOW HITPOINT WARNING * * *
You feel sick. The adder bites you.
You die...

##.######...#...#
...............#
#.###.#.#..#.##
#....<#.#.##.#
#..#..#.#....#
#..#..#.######
#<.#..#)#{
#...#.#.#
#....@..#
###.#S### #...#


.gg ##..# ..K #######..### g. #.......>..##g## #..........#...#g.
#..........#..).g_ #..............# You could see an adder.

Vanquished Creatures
  A worker ant (D:2)
  Robin (D:2)
  An ooze (D:1)
  2 dart slugs
  2 leopard geckos (D:1)
  A bat (D:2)
  7 goblins
  4 hobgoblins (D:2)
  3 jackals (D:1)
  2 kobolds
  A ball python (D:1)
  5 frilled lizards
30 creatures vanquished.

Notes
Turn   | Place    | Note
-------+----------+-------------------------------------------
     0 | D:1      | Holzbalken the Demonspawn Gladiator began the quest for the
                  | Orb.
     0 | D:1      | Reached XP level 1. HP: 16/16 MP: 1/1
    51 | D:1      | Reached skill level 3 in Maces & Flails
    72 | D:1      | Gained mutation: Your movements are slightly less
                  | encumbered by armour. (ER -2) [demonic ancestry]
    72 | D:1      | Reached XP level 2. HP: 17/22 MP: 2/2
   811 | D:2      | Reached skill level 4 in Maces & Flails
   811 | D:2      | Gained mutation: You are slightly more attuned to the
                  | shadows. [demonic ancestry]
   811 | D:2      | Reached XP level 3. HP: 13/27 MP: 3/3
  1194 | D:2      | Found a radiant altar of Vehumet.
  1194 | D:2      | Noticed Robin
  1257 | D:2      | Killed Robin
  1257 | D:2      | Reached skill level 1 in Short Blades
  1257 | D:2      | Gained mutation: You have a pair of small antennae on your
                  | head. [demonic ancestry]
  1257 | D:2      | Reached XP level 4. HP: 25/33 MP: 4/4
  1330 | D:2      | HP: 1/33 [poisoned by an adder]
  1330 | D:2      | Slain by an adder

Vault maps used:
D:1:      minmay_arrival_glassed_features
D:2:      lemuel_upstairs_altar, vehumet_crystals, uniq_robin

Skill      XL: |  1  2  3 |
---------------+----------+-----
Maces & Flails | 3 4 |  4.1
Short Blades   | 1 |  1.2
Fighting       | |  2.0
Throwing       | |  1.7
Dodging        | |  2.6
Stealth        | |  0.7

Action                   |  1- 3 |  4- 6 || total
-------------------------+-------+-------++-------
Melee: Flail             |    94 |    18 ||   112
       Short sword       |     8 |       ||     8
  Use: Potion            |       |     1 ||     1
  Eat: Chunk             |       |     1 ||     1
Armor: Leather armour    |     6 |       ||     6
       Chain mail        |    33 |     8 ||    41
       Skin              |     5 |       ||     5
Dodge: Dodged            |    48 |     8 ||    56

Table legend:
 A = Non-vault XP
 B = Vault XP
 C = Vault XP percentage of total XP
 D = Non-vault monster count
 E = Vault monster count
 F = Vault count percentage of total count
                 A         B        C        D         E       F
            +---------+---------+-------+---------+---------+-------
      Total |      74 |      35 |  32.1 |      19 |      11 |  36.7
            +---------+---------+-------+---------+---------+-------
        D:1 |      31 |       0 |   0.0 |      13 |       0 |   0.0
        D:2 |      43 |      35 |  44.9 |       6 |      11 |  64.7
            +---------+---------+-------+---------+---------+-------
